 Seeded DCSS version 0.29.1-1-gd02db6906a (webtiles) character file.

Game seed: 10063770846518497984 (custom seed)

436 mathmaestro the Grave Robber (level 6, 0/47 HPs)
             Began as a Demonspawn Necromancer on Sept 16, 2022.
             Killed from afar by Sigmund (9 damage)
             ... with a magic dart
             ... on level 4 of the Dungeon.
             The game lasted 00:07:26 (4581 turns).

mathmaestro the Grave Robber (DsNe)                 Turns: 4581, Time: 00:07:26

Health: 0/47       AC:  4    Str:  9    XL:     6   Next: 68%
Magic:  11/11      EV: 12    Int: 18    God:
Gold:   186        SH:  0    Dex: 13    Spells: 4/12 levels left

rFire   . . .      SeeInvis .   o - +3 whip (vamp)
rCold   . . .      Faith    .   (no shield)
rNeg    . . .      Spirit   .   l - +0 leather armour
rPois   .          Reflect  .   (helmet restricted)
rElec   .          Harm     .   v - +0 cloak
rCorr   .          Rampage  .   (no gloves)
Will    .....                   (no boots)
Stlth   ++........              (no amulet)
HPRegen 0.15/turn               u - ring of flight
MPRegen 0.12/turn               (no ring)

@: flying
A: antennae 2, sturdy frame 1
a: no special abilities


You were on level 4 of the Dungeon.
You visited 1 branch of the dungeon, and saw 4 of its levels.

You collected 186 gold pieces.

Inventory:

Hand Weapons
 e - a +4 short sword
 n - a +0 hand axe
 o - a +3 vampiric whip (weapon)
Armour
 l - a +0 leather armour (worn)
 v - a +0 cloak (worn)
Jewellery
 u - a ring of flight (left hand)
Scrolls
 a - 2 scrolls of poison {unknown}
 d - 4 scrolls of identify {unknown}
 j - a scroll of magic mapping {unknown}
 k - 2 scrolls of silence {unknown}
 q - 5 scrolls of teleportation
 r - a scroll of vulnerability {unknown}
 s - a scroll of enchant weapon {unknown}
 t - a scroll of blinking {unknown}
Potions
 b - 2 potions of magic
 c - 2 potions of brilliance {unknown}
 f - a potion of lignification {unknown}
 g - 3 potions of curing
 h - 3 potions of heal wounds {unknown}
 i - a potion of attraction {unknown}
 m - a potion of might {unknown}
 p - a potion of ambrosia {unknown}


   Skills:
 + Level 3.4 Fighting
 + Level 1.9 Armour
 - Level 2.0 Dodging
 - Level 2.0 Stealth
 + Level 3.8 Spellcasting
 + Level 6.0 Necromancy


You had 4 spell levels left.
You knew the following spells:

 Your Spells              Type           Power      Damage    Failure   Level
a - Necrotise             Necr           100%       1d9       1%          1
b - Vampiric Draining     Necr           25%        2d7       4%          3
c - Animate Dead          Necr           25%        N/A       14%         4

Your spell library contained the following spells:

 Spells                   Type           Power      Damage    Failure   Level
 Freeze                   Ice            12%        1d4       16%         1
 Sandblast                Erth           6%         2d5       16%         1
 Passwall                 Tmut/Erth      2%         N/A       24%         2
 Frozen Ramparts          Ice            6%         1d1       43%         3
 Stone Arrow              Conj/Erth      6%         3d7       43%         3
 Hailstorm                Conj/Ice       3%         3d3       85%         4
 Agony                    Necr           25%        N/A       36%         5
 Borgnjor's Vile Clutch   Necr/Erth      7%         N/A       78%         5
 Statue Form              Tmut/Erth      2%         N/A       100%        6
 Chain Lightning          Conj/Air       1%         3d2       100%        9
 Fire Storm               Conj/Fire      1%         8d1       100%        9
 Shatter                  Erth           1%         3d6*      100%        9


Dungeon Overview and Level Annotations

Branches:
Dungeon (4/15)
 Temple: D:4-7

Altars:

Portals:
Abyss: D:3

Annotations:
D:3 1 transporter, jamesp's ghost, weakling GnWr
D:4 Sigmund


Innate Abilities, Weirdness & Mutations

You have a pair of antennae on your head.
Your movements are slightly less encumbered by armour. (ER -2)


Message History

You hit the orc.
You feel better.
You kill the orc!
The orc hits you from afar with a +0 trident. x2
The hobgoblin closely misses you.
You hit the hobgoblin.
The hobgoblin is heavily wounded.
Something hits you!
The hobgoblin hits you but does no damage.
The orc closely misses you.
You hit the hobgoblin.
You feel better.
The hobgoblin is almost dead.
The orc hits you but does no damage. The hobgoblin hits you.
Casting: Vampiric Draining (dangerous; 4% risk of failure)
Confirm with . or Enter, or press ? or * to list all spells.
Aiming: Vampiric Draining (dangerous; 4% risk of failure)
Press: ? - help, Shift-Dir - straight line, f - hobgoblin
Aim: a hobgoblin (almost dead)
You draw life force from the hobgoblin.
You kill the hobgoblin!
Something hits you.
* * * LOW HITPOINT WARNING * * *
x2 The orc barely misses you.
Your Necromancy skill increases to level 6!
You hear some strange, mumbled words.
Something tries to affect you, but you resist.
A puff of flame appears from out of thin air!
The puff of flame hits you.
* * * LOW HITPOINT WARNING * * *
Found 16 gold pieces.
You see here a +0 dagger.
You see here a +0 dagger.
You see here a +0 dagger.
You see here a +0 dagger.
You see here a +0 dagger of venom.
Something tries to affect you, but you resist.
Sigmund appears from thin air!
Reactivating autopickup.
Sigmund casts a spell at you. The magic dart hits you!
You die...

.. #.....##.# . ### ###........#
#. #.. #.........## #.# #.#
#.##...##.# ###.# #.# #.###.###.#
....# ###.### #.###.###.## ###.#
#.....# #...........
#.########.....#####..##.###.##
###..).)og@.....@....)..##.###.##
...).)######.....#####..##.......
..).#.# #.....# #........)##
###.#.########.### #..########
#.#..........# #..#
#.############ ###### #.# #...#
#.# #.#.# #.# #.#.#


You could see Sigmund and a goblin.

Vanquished Creatures
  An ogre (D:3)
  A phantom (D:4)
  A hound (D:4)
  Crazy Yiuf (D:4)
  An orc priest (D:2)
  Jessica (D:3)
  Robin (D:4)
  4 gnolls (D:2)
  3 adders
  A worm (D:2)
  2 dart slugs
  9 orcs
  An endoplasm (D:1)
  2 giant cockroaches
  13 goblins
  7 hobgoblins
  10 jackals
  5 kobolds
  2 quokkas
  6 ball pythons
  2 bats
  7 frilled lizards
  A rat (D:2)
82 creatures vanquished.

Vanquished Creatures (collateral kills)
  A goblin (D:4)
  A rat (D:3)
2 creatures vanquished.

Grand Total: 84 creatures vanquished

Notes
Turn   | Place    | Note
-------+----------+-------------------------------------------
     0 | D:1      | mathmaestro the Demonspawn Necromancer began the quest for
                  | the Orb.
     0 | D:1      | Reached XP level 1. HP: 13/13 MP: 3/3
   246 | D:1      | Gained mutation: You have a pair of small antennae on your
                  | head. [demonic ancestry]
   246 | D:1      | Reached XP level 2. HP: 20/20 MP: 3/5
   985 | D:1      | Reached skill level 1 in Fighting
  1246 | D:2      | Got the Teachings on Silt
  1259 | D:2      | Reached XP level 3. HP: 26/26 MP: 0/6
  1415 | D:2      | Learned a level 3 spell: Vampiric Draining
  1899 | D:2      | Reached skill level 5 in Necromancy
  1899 | D:2      | Reached XP level 4. HP: 22/33 MP: 1/8
  2408 | D:2      | Gained mutation: Your movements are slightly less
                  | encumbered by armour. (ER -2) [demonic ancestry]
  2408 | D:2      | Reached XP level 5. HP: 39/39 MP: 9/9
  2716 | D:2      | Learned a level 4 spell: Animate Dead
  2805 | D:3      | Noticed Jessica
  2818 | D:3      | Killed Jessica
  2909 | D:3      | Found a transporter.
  3146 | D:3      | Found a transporter.
  3157 | D:3      | Found a one-way gate to the infinite horrors of the Abyss.
  3162 | D:3      | Noticed jamesp's ghost (weakling GnWr)
  3280 | D:3      | Noticed an ogre
  3289 | D:3      | Killed an ogre
  3290 | D:3      | Reached skill level 1 in Armour
  3290 | D:3      | Gained mutation: You have a pair of antennae on your head.
                  | [demonic ancestry]
  3290 | D:3      | Reached XP level 6. HP: 47/47 MP: 6/11
  4004 | D:4      | Noticed Robin
  4066 | D:4      | Killed Robin
  4306 | D:4      | Found a runed translucent door.
  4307 | D:4      | Noticed Crazy Yiuf
  4317 | D:4      | Killed Crazy Yiuf
  4540 | D:4      | Noticed Sigmund
  4550 | D:4      | Reached skill level 6 in Necromancy
  4581 | D:4      | Killed from afar by Sigmund

Illustrated notes

Levels and vault maps discovered:
D:1:      dpeg_arrival_signposts, layout_loops_ring
D:2:      layout_basic
D:3:      layout_basic, gammafunk_ghost_abyssal_escape, uniq_jessica
D:4:      layout_loops_ring, uniq_robin, uniq_crazy_yiuf_cottage, uniq_sigmund

Skill      XL: |  1  2  3  4  5  6 |
---------------+-------------------+-----
Stealth        | 2 |  2.0
Dodging        | 2 |  2.0
Fighting       | 1 2 3 |  3.4
Necromancy     | 5 6 |  6.0
Spellcasting   | 3 |  3.8
Armour         | 1 |  1.9

Action                   |  1- 3 |  4- 6 || total
-------------------------+-------+-------++-------
Melee: Short sword       |    30 |    26 ||    56
       Whip              |       |    99 ||    99
       Punch             |       |     2 ||     2
 Cast: Necrotise         |    46 |    46 ||    92
       Vampiric Draining |       |     5 ||     5
  Use: Scroll            |       |     1 ||     1
       Potion            |       |     1 ||     1
 Stab: Sleeping          |     1 |     4 ||     5
Armor: Leather armour    |     8 |    27 ||    35
Dodge: Dodged            |    24 |    87 ||   111
